 Dungeon Sprint DCSS version 0.21.1-1-g345015f (webtiles) character file.

7480 Fang the Severer (level 11, -10/80 HPs)
             Began as a Gargoyle Berserker on July 12, 2018.
             Was the Champion of Trog.
             Mangled by a red devil
             ... wielding a +0 trident
              (13 damage)
             ... in the Dungeon (Sprint VII: "The Pits").
             The game lasted 00:05:43 (2785 turns).

Fang the Severer (Gargoyle Berserker)               Turns: 2785, Time: 00:05:44

Health: -10/80     AC: 10    Str: 23    XL:     11   Next: 15%
Magic:  11/11      EV:  9    Int: 12    God:    Trog [******]
Gold:   0          SH:  0    Dex: 12    Spells: 10/10 levels left

rFire    . . .     SeeInvis .   j - +3 executioner's axe "Uqa Cek" {drain, rElec}
rCold    . . .     Gourm    .   (shield currently unavailable)
rNeg     + . .     Faith    .   b - +0 animal skin
rPois    ∞         Spirit   .   (no helmet)
rElec    +         Reflect  .   (no cloak)
rCorr    .         Harm     .   (no gloves)
MR       .....     NoTele   +   (no boots)
Stlth    +++.......             (no amulet)
HPRegen  0.23/turn              r - +3 ring of dexterity
MPRegen  0.12/turn              s - +3 ring of intelligence

@: berserk cooldown, held, slowed, very slow
A: negative energy resistance 1, electricity resistance, unbreathing,
petrification resistance, rot immunity, AC +8
a: Berserk, Trog's Hand, Brothers in Arms, Burn Spellbooks, Renounce Religion


You were in the Dungeon.
You worshipped Trog.
Trog was exalted by your worship.
You were not hungry.

You visited 1 branch

Inventory:

Hand Weapons
 j - the +3 executioner's axe "Uqa Cek" (weapon) {drain, rElec}
   (Trog gifted it to you in the Dungeon)

   A truly terrible weapon, it drains the life of those it strikes.
   It insulates you from electricity.
 m - a +5 antimagic executioner's axe
 o - a +4 battleaxe of chopping
 w - a +1 broad axe of freezing
Armour
 b - a +0 animal skin (worn)
Jewellery
 r - a +3 ring of dexterity (left hand)
 s - a +3 ring of intelligence (right hand)
Wands
 p - a wand of random effects (35)
Scrolls
 i - a scroll of blinking
 k - 3 scrolls of remove curse
 l - a scroll of summoning
Potions
 a - 2 potions of invisibility
 d - 8 potions of curing
 e - 8 potions of heal wounds
 f - 2 potions of haste
 g - 4 potions of magic
 h - 3 potions of berserk rage
 q - a potion of lignification {unknown}
 t - a potion of might
 u - a potion of agility
 v - a potion of brilliance
Comestibles
 c - 6 rations


   Skills:
 + Level 14.3 Fighting
 + Level 16.5 Axes
 + Level 4.9 Armour
 + Level 10.6 Dodging
 + Level 4.9 Stealth


You had 10 spell levels left.
You didn't know any spells.

Dungeon Overview and Level Annotations

Branches:
Dungeon (1/1)

Altars:
Cheibriados
Dithmenos
Elyvilon
Fedhas
Gozag
Hepliaklqana
Makhleb
Nemelex Xobeh
Okawaru
Qazlal
Ru
Sif Muna
Trog
Vehumet
Wu Jian
Xom
Yredelemnul
Zin
The Shining One
Beogh
Jiyva
Lugonu

Annotations:
D Harold


Innate Abilities, Weirdness & Mutations

You are resistant to torment.
Your stone body is resilient. (AC +8)
You are immune to poison.
You resist negative energy. (rN+)
You are resistant to electric shocks. (rElec)
You can survive without breathing.
You are immune to petrification.
You are immune to rotting.


Message History

* * * LOW HITPOINT WARNING * * *
You hear some strange, mumbled words.
The red devil hits you from afar with a trident!
* * * LOW HITPOINT WARNING * * *
The hippogriff bites you.
* * * LOW HITPOINT WARNING * * *
The hippogriff pecks you but does no damage.
The hippogriff closely misses you.
Unknown command.
You feel better.
The two-headed ogre completely misses you.
The two-headed ogre hits you with a giant club!
* * * LOW HITPOINT WARNING * * *
Your troll bites the hippogriff!!
Your troll claws the hippogriff!
The hippogriff dies!
Trog accepts your kill. Something appears at your feet!
Trog grants you a weapon!
The red devil hits you from afar with a trident!
You die...

###### ############## ####
....#...'....###...# ..##
..###...###...#...# ...
.##.'.))'.##.....#### ...# #
##..##)##..##..)##..##..##..
#..##...##..'..)#.........§
#.)#.....#..#...#g...#..#...
(..))....'..'...@O4†........
#..#)....#..#...#†3..#..#.
#..##...##..'...#§T.....k...
##..##'##..##...##..##..##..
.##.'...'.##.....#### ...#
..###.).###...#...# ...#
....#...'....###...# ..##
############## #### ##


You could see a two-headed ogre, a smoke demon, a red devil, a hobgoblin and a
friendly troll (berserk).

Vanquished Creatures
  A two-headed ogre (D)
  Sonja (D)
  A flayed ghost (D)
  A deep troll (D)
  A gargoyle (D)
  A rime drake (D)
  A demonic crawler (D)
  A wind drake (D)
  A snapping turtle (D)
  A flying skull (D)
  7 redbacks (D)
  A shadow (D)
  A wraith (D)
  A ynoxinul (D)
  A wyvern (D)
  A fire bat (D)
  3 yaks (D)
  A steam dragon (D)
  A sky beast (D)
  A black bear (D)
  A phantom (D)
  2 ice beasts (D)
  A wolf (D)
  An ogre (D)
  A centaur (D)
  A crocodile (D)
  2 bullfrogs (D)
  A gnoll sergeant (D)
  A crimson imp (D)
  3 orc wizards (D)
  A hound (D)
  Ijyb (D)
  3 gnolls (D)
  An ufetubus (D)
  An ooze (D)
  An adder zombie (D)
  2 worms (D)
  4 orcs (D)
  A bat skeleton (D)
  2 giant cockroaches (D)
  A hobgoblin (D)
  3 quokkas (D)
63 creatures vanquished.

Vanquished Creatures (collateral kills)
  A phantasmal warrior (D)
  A hippogriff (D)
  A redback (D)
  An orc wizard (D)
4 creatures vanquished.

Grand Total: 67 creatures vanquished

Notes
Turn   | Place    | Note
-------+----------+-------------------------------------------
     0 | D        | Fang the Gargoyle Berserker began the quest for the Orb.
     0 | D        | Reached XP level 1. HP: 14/14 MP: 1/1
    14 | D        | Reached skill level 3 in Axes
    55 | D        | Found a bloodstained altar of Trog.
    55 | D        | Found a deep blue altar of Sif Muna.
    55 | D        | Found a viscous altar of Jiyva.
    55 | D        | Found a hazy altar of Hepliaklqana.
    55 | D        | Found an opulent altar of Gozag.
    56 | D        | Found a glowing golden altar of the Shining One.
    56 | D        | Found a glowing silver altar of Zin.
    56 | D        | Found a basalt altar of Yredelemnul.
    56 | D        | Found a shimmering altar of Xom.
    56 | D        | Found an ornate altar of the Wu Jian Council.
    56 | D        | Found a sacrificial altar of Ru.
    56 | D        | Found a stormy altar of Qazlal.
    56 | D        | Found an iron altar of Okawaru.
    56 | D        | Found a sparkling altar of Nemelex Xobeh.
    56 | D        | Found a burning altar of Makhleb.
    56 | D        | Found a blossoming altar of Fedhas.
    56 | D        | Found a white marble altar of Elyvilon.
    56 | D        | Found a shadowy altar of Dithmenos.
    56 | D        | Found a snail-covered altar of Cheibriados.
    58 | D        | Found a radiant altar of Vehumet.
    58 | D        | Found a corrupted altar of Lugonu.
    58 | D        | Found a roughly hewn altar of Beogh.
   100 | D        | Reached ** piety under Trog
   123 | D        | Reached XP level 2. HP: 13/20 MP: 2/2
   232 | D        | Noticed an ice beast
   235 | D        | Reached *** piety under Trog
   235 | D        | Reached skill level 4 in Axes
   238 | D        | Killed an ice beast
   238 | D        | Reached skill level 6 in Axes
   238 | D        | Reached XP level 3. HP: 28/28 MP: 3/3
   238 | D        | Reached XP level 4. HP: 32/32 MP: 4/4
   332 | D        | Noticed a black bear
   339 | D        | Reached **** piety under Trog
   342 | D        | Killed a black bear
   342 | D        | Reached skill level 7 in Axes
   342 | D        | Reached XP level 5. HP: 39/39 MP: 5/5
   374 | D        | Noticed a centaur
   389 | D        | Killed a centaur
   389 | D        | Reached skill level 8 in Axes
   389 | D        | Reached XP level 6. HP: 4/45 MP: 6/6
   701 | D        | Reached ***** piety under Trog
   703 | D        | Noticed a snapping turtle
   713 | D        | Killed a snapping turtle
   713 | D        | Reached skill level 9 in Axes
   713 | D        | Reached skill level 5 in Dodging
   713 | D        | Reached XP level 7. HP: 52/52 MP: 7/7
   759 | D        | Noticed a flying skull
   759 | D        | Noticed a fire bat
   766 | D        | Reached skill level 10 in Axes
   769 | D        | Killed a fire bat
   769 | D        | Reached skill level 10 in Fighting
   783 | D        | Killed a flying skull
   783 | D        | Received a gift from Trog
   783 | D        | Reached skill level 11 in Axes
   783 | D        | Reached XP level 8. HP: 59/59 MP: 8/8
   847 | D        | Noticed Ijyb
   847 | D        | Noticed a wyvern
   850 | D        | Killed a wyvern
   863 | D        | Killed Ijyb
  1009 | D        | Noticed a two-headed ogre
  1015 | D        | Killed a two-headed ogre
  1015 | D        | Reached skill level 12 in Axes
  1015 | D        | Reached skill level 1 in Stealth
  1015 | D        | Reached XP level 9. HP: 65/65 MP: 3/9
  1104 | D        | Reached skill level 13 in Axes
  1209 | D        | Noticed Sonja
  1250 | D        | Killed Sonja
  1250 | D        | Reached ****** piety under Trog
  1250 | D        | Reached skill level 14 in Axes
  1398 | D        | Received a gift from Trog
  1419 | D        | Received a gift from Trog
  1493 | D        | Noticed a demonic crawler
  1495 | D        | Noticed a flayed ghost
  1497 | D        | Killed a demonic crawler
  1497 | D        | Reached XP level 10. HP: 72/72 MP: 10/10
  1502 | D        | Killed a flayed ghost
  1509 | D        | Reached skill level 15 in Axes
  1733 | D        | Reached skill level 10 in Dodging
  1736 | D        | Noticed a phantasmal warrior
  1741 | D        | Received a gift from Trog
  1747 | D        | Killed a phantasmal warrior
  1751 | D        | Got a crystal executioner's axe {god gift}
  1752 | D        | Identified the +3 executioner's axe "Uqa Cek" {drain, rElec} (Trog gifted it to you in the Dungeon)
  2042 | D        | Noticed a gargoyle
  2296 | D        | Noticed a deep troll
  2301 | D        | Killed a deep troll
  2305 | D        | Reached skill level 16 in Axes
  2305 | D        | Reached XP level 11. HP: 39/80 MP: 11/11
  2553 | D        | Received a gift from Trog
  2772 | D        | Noticed a two-headed ogre
  2774 | D        | Noticed Harold
  2785 | D        | HP: 3/80 [two-headed ogre/giant club (12)]
  2785 | D        | Received a gift from Trog
  2785 | D        | Mangled by a red devil

Skill      XL: |  1  2  3  4  5  6  7  8  9 10 |
---------------+-------------------------------+-----
Axes           | 3 6 7 8 9 11 12 14 16 | 16.5
Fighting       | 4 6 8 9 10 11 12 14 | 14.3
Dodging        | 2 3 4 5 6 7 9 10 | 10.6
Armour         | 3 4 |  4.9
Stealth        | 1 4 |  4.9

Action                   |  1- 3 |  4- 6 |  7- 9 | 10-12 || total
-------------------------+-------+-------+-------+-------++-------
Melee: Hand axe          |    20 |    46 |    23 |       ||    89
       Battleaxe         |       |       |    69 |    24 ||    93
       Executioner's axe |       |       |       |    31 ||    31
Invok: Berserk           |     1 |     2 |     7 |     3 ||    13
       Brothers in Arms  |       |     1 |       |     3 ||     4
       Trog's Hand       |       |     1 |       |       ||     1
  Use: Potion            |       |     1 |       |     2 ||     3
 Stab: Sleeping          |       |       |     1 |       ||     1
  Eat: Chunk             |       |     2 |     6 |     2 ||    10
       Ration            |       |       |     1 |     2 ||     3
Armor: Animal skin       |     9 |    21 |    45 |    18 ||    93
Dodge: Dodged            |    10 |    32 |    90 |    49 ||   181
